 Dungeon Crawl Stone Soup version 0.28.0 (webtiles) character file.

Game seed: 372430832751556594

32 mcwallace the Insei (level 3, 0/23 HPs)
             Began as an Octopode Transmuter on Feb 18, 2022.
             Succumbed to an adder's poison
             ... on level 2 of the Dungeon.
             The game lasted 00:02:16 (1297 turns).

mcwallace the Insei (Octopode Transmuter)           Turns: 1297, Time: 00:02:17

Health: 0/23       AC:  1    Str:  9    XL:     3   Next: 27%
Magic:  6/6        EV: 13    Int: 17    God:
Gold:   41         SH:  0    Dex: 12    Spells: 2/6 levels left

rFire   . . .      SeeInvis .   k - +3 mace {mace}
rCold   . . .      Faith    .   (no shield)
rNeg    . . .      Spirit   .   (helmet currently unavailable)
rPois   .          Reflect  .   (no amulet)
rElec   .          Harm     .   (no ring)
rCorr   .          Rampage  .   (no ring)
Will    .....                   (no ring)
Stlth   ++........              (no ring)
HPRegen 0.07/turn               (no ring)
MPRegen 0.10/turn               (no ring)
                                (no ring)
                                (no ring)

@: lethally poisoned (0 -> -1), appendages (expiring)
A: tentacle spike 3, almost no armour, amphibious, 8 rings, camouflage 1,
gelatinous body 1, (nimble swimmer 1), tentacles
a: End Transformation


You were on level 2 of the Dungeon.
One of your tentacles had grown a beastly spike.
You visited 1 branch of the dungeon, and saw 2 of its levels.

You collected 41 gold pieces.


Innate Abilities, Weirdness & Mutations

One of your tentacles has grown a beastly spike.
You cannot wear most types of armour.
You are amphibious.
You can wear up to eight rings at the same time.
Your skin changes colour to match your surroundings (Stealth+).
Your rubbery body absorbs attacks. (AC +1, EV +1)
((You are camouflaged when in or above water. (Stealth+)))
You have tentacles for arms and can constrict up to eight enemies at once.


   Skills:
 + Level 1.5 Fighting
 + Level 2.3 Dodging
 + Level 3.3 Unarmed Combat
 + Level 2.3 Spellcasting
 + Level 2.3 Transmutations


You had 2 spell levels left.
You knew the following spells:

 Your Spells              Type           Power      Damage    Failure   Level
a - Beastly Appendage     Tmut           18%        N/A       7%          1
b - Spider Form           Tmut/Pois      5%         N/A       34%         3

Your spell library contained the following spells:

 Spells                   Type           Power      Damage    Failure   Level
 Wereblood                Tmut           9%         N/A       11%         2
 Ignite Poison            Fire/Tmut/Pois 4%         N/A       38%         3
 Conjure Flame            Conj/Fire      1%         6-21      50%         3
 Ice Form                 Ice/Tmut       5%         N/A       75%         4
 Sticky Flame             Conj/Fire      1%         2d3       88%         4

Inventory:

Hand Weapons
 k - a +3 mace (weapon) {mace}
   (You found it on level 1 of the Dungeon)
Missiles
 a - 47 stones {throwing}
 c - 36 arrows
 f - 19 sling bullets
Armour
 d - a +0 cloak
   (You found it on level 1 of the Dungeon)
Scrolls
 b - a scroll of identify {unknown}
 e - a scroll of enchant armour {unknown}
 h - a scroll of teleportation {unknown}
 i - a scroll of fog {unknown}
 l - a scroll of torment {unknown}
Potions
 g - a potion of invisibility {unknown}
 j - a potion of curing {unknown}

Dungeon Overview and Level Annotations

Branches:
Dungeon (2/15)

Altars:

#..........#
#..######### #.##
. #.# ... #.#####
# ..<..##.#...#
.#
#........##.#####
######...........
#.##@#.###.
####†# # #.# #.#
..# ..# #.# #..


There were no monsters in sight!


Message History

You lost 1 mp, and now have 5/6 mp.
Your transformation is almost over.
The helpless frilled lizard fails to defend itself.
You tentacle-slap the frilled lizard.
You kill the frilled lizard!
No target in view!
No target in view!
c - 36 arrows (gained 12)
Your tentacle spike disappears.
Key pressed, stopping explore.
You see here a +0 chain mail.
Key pressed, stopping explore.
A giant cockroach comes into view. 😎 MP[+1]
Your mp is fully restored (6).
A giant cockroach is nearby!
A giant cockroach is nearby!
One of your tentacles grows a vicious spike. 😎 MP[-1]
You lost 1 mp, and now have 5/6 mp.
The giant cockroach closely misses you.
You tentacle-slap the giant cockroach. Your grab misses the giant cockroach.
You squeeze the giant cockroach, but do no damage.
The giant cockroach bites you. 😕 HP[-2]
You take 2 damage, and now have 21/23 hp.
You tentacle-slap the giant cockroach.
You kill the giant cockroach!
Your transformation is almost over.
Your tentacle spike disappears.
You see here a giant cockroach corpse.
Done exploring. 😎 HP[+2] MP[+1]
Your hp is fully restored (23).
Your mp is fully restored (6).
Done exploring.
Done exploring.
Done exploring.
Done exploring.
One of your tentacles grows a vicious spike. 😎 MP[-1]
You lost 1 mp, and now have 5/6 mp.
Your transformation is almost over.
Done exploring. 😎 MP[+1]
Your mp is fully restored (6).
No target in view!
Done exploring.
Done exploring.
Done exploring.
Done exploring.
Your tentacle spike disappears.
You see here a +3 mace {mace}.
k - a +3 mace {mace}
k - a +3 mace (weapon)
{mace}
There is a stone staircase leading down here.
You climb downwards.
There is a stone staircase leading up here.
You see here a +0 dagger {short}.
l - a scroll labelled YCOPENLEIHO
Found a stone staircase leading up.
An adder comes into view.
The adder hisses angrily.
One of your tentacles grows a vicious spike. 😎 MP[-1]
You lost 1 mp, and now have 5/6 mp.
The adder bites you but does no damage. The adder completely misses you.
You barely miss the adder. Your grab misses the adder.
Your tentacle spike misses the adder.
The adder bites you. 😕 HP[-5]
You take 5 damage, and now have 18/23 hp.
MASSIVE DAMAGE!! (PAUSE)
You closely miss the adder. Your grab misses the adder. The adder bites you.
The adder closely misses you. 😮 HP[-1]
You take 1 damage, and now have 17/23 hp.
You barely miss the adder. Your grab misses the adder.
Your tentacle spike misses the adder.
The adder closely misses you. The adder bites you.
You are poisoned.
The adder poisons you! 😮 HP[-5]
You take 5 damage, and now have 12/23 hp.
MASSIVE DAMAGE!! (PAUSE)
You hit the adder. You grab the adder. You constrict the adder.
You feel sick. The adder bites you.
* * * LOW HITPOINT WARNING * * *
The adder closely misses you. 😱 HP[-7]
You take 7 damage, and now have 5/23 hp.
MASSIVE DAMAGE!! (PAUSE)
You hit the adder.
Your tentacle spike misses the adder.
Your transformation is almost over.
You constrict the adder.
You feel sick. The adder misses you. The adder bites you.
* * * LOW HITPOINT WARNING * * *
😱 HP[-4]
You take 4 damage, and now have 1/23 hp.
You hit the adder.
You kill the adder!
You die...

Action                   || total
-------------------------++-------
Melee: Unarmed           ||    53
       Kick              ||    12
       Constrict         ||    11
       Tentacles         ||     9
       Punch             ||     2
       Mace              ||     6
 Cast: Beastly Appendage ||    20
 Stab: Sleeping          ||     4
Armor: Skin              ||     8
Dodge: Dodged            ||    37

Levels and vault maps discovered:
D:1:      dpeg_arrival_arbitrary_a, layout_basic,
          shapermc_ecumenical_altar_venn, minmay_pentomino_t4
D:2:      layout_loops_corners, serial_co_window_serial, co_window_paths_a,
          co_window_cross_1, co_window_corner_a, co_window_paths_a,
          co_window_paths_b, co_window_corner_a, co_window_paths_a,
          co_window_corner_cb, co_window_unsneaky_path_d, co_window_2corner,
          co_window_2corner, co_window_paths_d, co_window_paths_e,
          glass_columns_a, basic_altar

Notes
Turn   | Place    | Note
-------+----------+-------------------------------------------
     0 | D:1      | mcwallace the Octopode Transmuter began the quest for the
                  | Orb.
     0 | D:1      | Reached XP level 1. HP: 13/13 MP: 3/3
     0 | D:1      | magus.rc [v1.9.6]
   163 | D:1      | Reached XP level 2. HP: 18/18 MP: 3/5
   518 | D:1      | You add the spells Conjure Flame, Ignite Poison and Sticky
                  | Flame to your library.
   733 | D:1      | Reached XP level 3. HP: 23/23 MP: 4/6
   753 | D:1      | Found a faded altar of an unknown god.
   966 | D:1      | Learned a level 3 spell: Spider Form
  1295 | D:2      | HP: 5/23 [adder (5)]
  1296 | D:2      | HP: 1/23 [adder (3)]
  1297 | D:2      | Succumbed to an adder's poison

Vanquished Creatures
  An adder (D:2)
  4 bats (D:1)
  6 endoplasms (D:1)
  3 giant cockroaches (D:1)
  A goblin (D:1)
  2 quokkas (D:1)
  3 ball pythons (D:1)
  3 frilled lizards (D:1)
  2 kobolds (D:1)
  5 rats (D:1)
30 creatures vanquished.

Table legend:
 A = Non-vault XP
 B = Vault XP
 C = Vault XP percentage of total XP
 D = Non-vault monster count
 E = Vault monster count
 F = Vault count percentage of total count
                 A         B        C        D         E       F
            +---------+---------+-------+---------+---------+-------
      Total |      54 |       7 |  11.5 |      26 |       4 |  13.3
            +---------+---------+-------+---------+---------+-------
        D:1 |      40 |       7 |  14.9 |      25 |       4 |  13.8
        D:2 |      14 |       0 |   0.0 |       1 |       0 |   0.0
            +---------+---------+-------+---------+---------+-------

Illustrated notes

Table legend:
 A = Kills in this place as a percentage of kills in entire the game.
 B = Kills by you in this place as a percentage of kills by you in the entire game.
 C = Kills by friends in this place as a percentage of kills by friends in the entire game.
 D = Other kills in this place as a percentage of other kills in the entire game.
 E = Experience gained in this place as a percentage of experience gained in the entire game.
 F = Experience gained in this place divided by the number of levels of this place that you have seen.
                   A       B       C       D       E      F
               +-------+-------+-------+-------+-------+----------------------
         Total | 100.0 | 100.0 |   N/A |   N/A | 100.0 |  30.5
       Dungeon | 100.0 | 100.0 |   N/A |   N/A | 100.0 |  30.5
               +-------+-------+-------+-------+-------+----------------------

Table legend: (Time is in decaauts)
 A = Elapsed time spent in this place.
 B = Non-inter-level travel time spent in this place.
 C = Inter-level travel time spent in this place.
 D = Time resting spent in this place.
 E = Time spent auto-exploring this place.
 F = Levels seen in this place.
 G = Mean time per level.
                   A        B        C        D        E       F      G
               +--------+--------+--------+--------+--------+-----+--------+
         Total |   1295 |   1201 |     94 |      0 |   1012 |   2 |  647.5 |
       Dungeon |   1295 |   1201 |     94 |      0 |   1012 |   2 |  647.5 |
               +--------+--------+--------+--------+--------+-----+--------+

Top non-repeatable levels by time:
     D:1: 1227 daAuts
     D:2: 67 daAuts
